 Dungeon Crawl Stone Soup version 0.26.0-10-g1f06aea511 (webtiles) character file.

Game seed: 9942145990277061000

46 dohliylev the Covered (level 3, 0/23 HPs)
             Began as a Gargoyle Fighter on Jan 16, 2021.
             Slain by a goblin
             ... wielding a +0 dagger
             ... led by Robin
              (3 damage)
             ... on level 2 of the Dungeon.
             The game lasted 00:03:09 (1081 turns).

dohliylev the Covered (Gargoyle Fighter)            Turns: 1081, Time: 00:03:10

Health: 0/23       AC:  0    Str: 20    XL:     3   Next: 68%
Magic:  3/3        EV: 17    Int:  8    God:
Gold:   109        SH:  0    Dex: 14    Spells: 2/2 levels left

rFire    . . .     SeeInvis .   (weapon currently unavailable)
rCold    . . .     Faith    .   (shield currently unavailable)
rNeg     + . .     Spirit   .   (armour currently unavailable)
rPois    ∞         Reflect  .   (helmet currently unavailable)
rElec    .         Harm     .   (cloak currently unavailable)
rCorr    .         Rampage  .   (gloves currently unavailable)
Will     .....                  (boots currently unavailable)
Stlth    +.........             (no amulet)
HPRegen  0.07/turn              (ring currently unavailable)
MPRegen  0.08/turn              (ring currently unavailable)

@: bat-form, flying, very quick
A: tiny, negative energy resistance 1, petrification resistance, miasma
immunity, AC +3
a: Stop Flying


You were on level 2 of the Dungeon.
You were in bat-form.
You visited 1 branch of the dungeon, and saw 2 of its levels.

You collected 109 gold pieces.

Inventory:

Hand Weapons
 a - a +0 flail (melded)
Armour
 c - a +0 kite shield (melded)
 f - a +0 chain mail (melded)
 k - a +2 cloak (melded)
Jewellery
 b - a ring of positive energy (melded)
Scrolls
 e - a scroll of fog {unknown}
 g - a scroll of enchant armour {unknown}
 i - a scroll of fear {unknown}
 j - a scroll of identify {unknown}
 l - a scroll of enchant weapon {unknown}
 m - 2 scrolls of remove curse {unknown}
 q - a scroll of random uselessness {unknown}
Potions
 d - a potion of might
 h - a potion of cancellation {unknown}
 n - a potion of degeneration {unknown}
 o - 2 potions of curing {unknown}
 p - 2 potions of attraction {unknown}
 r - a potion of resistance {unknown}


   Skills:
 - Level 3.2 Fighting
 + Level 2.4 Maces & Flails
 + Level 4.0 Armour
 + Level 0.1 Dodging
 + Level 4.0 Shields


You had 2 spell levels left.
You didn't know any spells.
Your spell library was empty.

Dungeon Overview and Level Annotations

Branches:
Dungeon (2/15)

Altars:

Annotations:
D:2 Robin


Innate Abilities, Weirdness & Mutations

You are resistant to torment.
((Your stone body is resilient. (AC +3)))
You are immune to poison.
You resist negative energy. (rN+)
((You are resistant to electric shocks. (rElec)))
((You can survive without breathing.))
You are immune to petrification.
You are immune to miasma.


Message History

Robin hits you but does no damage.
Items here: ( ))) †††.
Robin roars a battlecry!
The hobgoblin goes into a battle-frenzy!
Robin throws the goblin at you! The goblin barely misses you.
You hit the goblin but do no damage.
Okay, then.
The goblin completely misses you. Robin throws the goblin at you!
The goblin misses you.
You hit the goblin but do no damage.
The goblin no longer looks unusually strong.
The goblin hits you with a +0 club.
* * * LOW HITPOINT WARNING * * *
The goblin barely misses you. The goblin hits you with a +0 club.
* * * LOW HITPOINT WARNING * * *
Robin roars a battlecry!
The goblins go into a battle-frenzy!
The goblin hits you with a +0 dagger.
You die...

#..#.........#####..##.#.###.##.
.............................. >#
...###############..##.#.###.# #
...# #..##.#.# #.# ...# #..##.#.#
#.# ...## ### ##..##.#.# #.#
....# #.# .......<.###.####
....#####)########...............
............g.ggbg####..####.####
.......##(######### #..####.####
................. #...........
......g........## ##.#########
........#g###..# #.# #####
............. ... ... ......
....#####.### #. ####.# ....# #.#
# .g..# #.#


You could see Robin, a hobgoblin (strong) and 2 goblins.

Vanquished Creatures
  A dart slug (D:1)
  3 leopard geckos (D:1)
  A giant cockroach (D:1)
  11 goblins
  6 hobgoblins
  A ball python (D:2)
  3 bats
  3 frilled lizards
  5 kobolds (D:1)
  5 rats
39 creatures vanquished.

Notes
Turn   | Place    | Note
-------+----------+-------------------------------------------
     0 | D:1      | dohliylev the Gargoyle Fighter began the quest for the Orb.
     0 | D:1      | Reached XP level 1. HP: 14/14 MP: 1/1
    99 | D:1      | Reached XP level 2. HP: 14/19 MP: 2/2
   486 | D:1      | Reached XP level 3. HP: 23/23 MP: 3/3
  1016 | D:2      | Noticed Robin
  1081 | D:2      | Slain by a goblin

Illustrated notes

Levels and vault maps discovered:
D:1:      roderic_chinese_lattice_arrival, layout_loops_ring, minivault_24,
          minmay_pentomino_q4
D:2:      layout_basic, uniq_robin

Skill      XL: |  1  2  3 |
---------------+----------+-----
Armour         | 4 |  4.0
Shields        | 4 |  4.0
Fighting       | |  3.2
Maces & Flails | |  2.4
Dodging        | |  0.1

Action                   || total
-------------------------++-------
Melee: Flail             ||   121
       Unarmed           ||     2
 Abil: Stop Flying       ||     2
Armor: Chain mail        ||    68
       Scale mail        ||     8
Dodge: Dodged            ||    31
Block: Kite shield       ||    61
